 Dungeon Crawl Stone Soup version 0.27-a0-498-g7ecbb0a48f (webtiles) character file.

Game seed: 10651785823401569296

38648 sizableburger the Arsonist (level 13, 0/99 HPs)
             Began as a Mummy Fire Elementalist on Mar 2, 2021.
             Was an Elder of Vehumet.
             Slain by a cane toad (9 damage)
             ... while petrified by a basilisk
             ... on level 6 of the Lair of Beasts.
             The game lasted 02:18:18 (26328 turns).

sizableburger the Arsonist (MuFE)                  Turns: 26328, Time: 02:18:19

Health: 0/99       AC: 10    Str: 13    XL:     13   Next: 64%
Magic:  26/26      EV:  2    Int: 18    God:    Vehumet [****..]
Gold:   943        SH:  0    Dex: 12    Spells: 2/30 levels left

rFire    x . .     SeeInvis .   (no weapon)
rCold    + . .     Faith    .   (no shield)
rNeg     + + +     Spirit   .   o - +0 steam dragon scales
rPois    ∞         Reflect  .   i - +1 helmet
rElec    .         Harm     .   j - +0 cloak
rCorr    .         Rampage  .   (no gloves)
Will     +....                  h - +0 pair of boots
Stlth    ++........             d - amulet of regeneration
HPRegen  1.26/turn              q - +4 ring of slaying
MPRegen  0.20/turn              (no ring)

@: petrified
A: cold resistance 1, negative energy resistance 3, torment resistance,
unbreathing 1, heat vulnerability 1, in touch with death 1, no potions
a: Renounce Religion


You were on level 6 of the Lair of Beasts.
You worshipped Vehumet.
Vehumet was greatly pleased with you.
You visited 3 branches of the dungeon, and saw 17 of its levels.

You collected 943 gold pieces.

Inventory:

Missiles
 l - 3 throwing nets
Armour
 a - a +0 robe
 h - a +0 pair of boots (worn)
 i - a +1 helmet (worn)
 j - a +0 cloak (worn)
 o - +0 steam dragon scales (worn)
 r - a +0 pair of gloves
Jewellery
 d - an amulet of regeneration (around neck)
 n - the ring of the Unkillable {rPois Will+ Dex-3 SInv Stlth+}
   (You took it off a tengu conjurer on level 9 of the Dungeon)

   [ring of see invisible]

   It affects your dexterity (-3).
   It protects you from poison.
   It affects your willpower, your defense against some magical effects.
   It lets you see invisible.
   It makes you more stealthy.
 q - a +4 ring of slaying (left hand)
Wands
 s - a wand of paralysis (14)
Scrolls
 b - 8 scrolls of teleportation
 c - 4 scrolls of identify
 e - 3 scrolls of immolation
 f - 4 scrolls of magic mapping
 k - 2 scrolls of enchant weapon
 m - 4 scrolls of amnesia
 p - 2 scrolls of fog
Miscellaneous
 g - a tin of tremorstones (2/2)
 t - a phial of floods
 u - a lightning rod (4/4)


   Skills:
 + Level 8.4 Fighting
 + Level 4.9 Armour
 - Level 7.4 Dodging
 - Level 1.5 Stealth
 - Level 9.0 Spellcasting
 - Level 9.0 Conjurations
 + Level 6.8 Hexes
 - Level 9.3 Fire Magic
 - Level 3.2 Air Magic
 + Level 6.1 Evocations


You had 2 spell levels left.
You knew the following spells:

 Your Spells              Type           Power        Failure   Level
a - Foxfire               Conj/Fire      100%         1%          1
b - Sticky Flame          Conj/Fire      41%          1%          4
c - Swiftness             Air            19%          3%          2
d - Fireball              Conj/Fire      20%          1%          5
e - Dazzling Flash        Conj/Hex       72%          1%          3
f - Conjure Flame         Conj/Fire      41%          1%          3
g - Slow                  Hex            32%          1%          2
h - Cause Fear            Hex            16%          5%          4
i - Fulminant Prism       Conj/Hex       18%          1%          4

Your spell library contained the following spells:

 Spells                   Type           Power        Failure   Level
 Corona                   Hex            35%          1%          1
 Shock                    Conj/Air       100%         1%          1
 Animate Skeleton         Necr           24%          9%          1
 Pain                     Necr           48%          9%          1
 Confusing Touch          Hex            32%          1%          3
 Inner Flame              Hex/Fire       37%          1%          3
 Static Discharge         Conj/Air       30%          1%          3
 Lightning Bolt           Conj/Air       15%          5%          5
 Portal Projectile        Hex/Tloc       40%          7%          3
 Airstrike                Air            9%           7%          4
 Yara's Violent Unravell  Hex/Tmut       10%          16%         5
 Leda's Liquefaction      Hex/Erth       10%          22%         4
 Gell's Gravitas          Tloc           4%           26%         3
 Vampiric Draining        Necr           6%           26%         3
 Metabolic Englaciation   Hex/Ice        10%          52%         5
 Animate Dead             Necr           6%           65%         4
 Petrify                  Tmut/Erth      8%           65%         4
 Agony                    Necr           12%          94%         5


Dungeon Overview and Level Annotations

Branches:
Dungeon (10/15)            Temple (1/1) D:4            Lair (6/6) D:8
  Swamp (0/4) Lair:4        Slime (0/5) Lair:6
  Snake: Lair:2-4    Spider: Lair:2-4       Orc: D:9-12

Altars:
Ashenzari
Cheibriados
Dithmenos
Fedhas
Gozag
Hepliaklqana
Kikubaaqudgha
Makhleb
Okawaru
Qazlal
Sif Muna
Trog
Vehumet
Xom
Yredelemnul

Shops:
D:9 ?

Annotations:
D:10 Maggie


Innate Abilities, Weirdness & Mutations

You are immune to poison.
Your flesh is cold resistant. (rC+)
You are immune to negative energy. (rN+++)
You are immune to unholy pain and torment.
You can survive without breathing.
You are vulnerable to heat. (rF-)
You are in touch with the powers of death.
You do not drink.


Message History

You climb downwards.
The basilisk hisses angrily.
The basilisk gazes at you. You resist with almost no effort.
The cane toad stings you but does no damage.
The yak gores you but does no damage. The basilisk gazes at you.
You are slowing down.
There is a stone staircase leading up here.
The cane toad barely misses you. The yak gores you! The yak closely misses you.
The cane toad stings you. The yak gores you.
You have turned to stone.
The yak gores you but does no damage. The cane toad stings you!
The yak gores you!
The cane toad stings you but does no damage.
The yak gores you! The yak gores you. The yak gores you!
The cane toad stings you! The yak gores you but does no damage.
The yak completely misses you.
The boulder beetle waves its antennae.
The boulder beetle curls into a ball and begins rolling!
The yak gores you! The cane toad stings you!
The water moccasin bites you but does no damage.
The yak gores you!
The cane toad stings you but does no damage.
The water moccasin bites you. The yak gores you. The yak gores you!
The cane toad stings you but does no damage.
The water moccasin bites you but does no damage.
The yak gores you!
The water moccasin hisses angrily.
The yak gores you.
The water moccasin bites you but does no damage.
The cane toad completely misses you. The yak gores you!
The basilisk gazes at you. You resist with almost no effort.
The yak barely misses you. The boulder beetle hits you!!!
* * * LOW HITPOINT WARNING * * *
The boulder beetle stops rolling and uncurls.
The water moccasin bites you but does no damage.
The cane toad stings you!!
You die...

,,,,,,,,,,,,,,,,,,,,*,,,,,,*,,,,,
,,,,........?....Y......,,,**,,,,
,,,,.Y......(((.........,,,**,,,,
,,,,..°.....(P.........P,,,,,,,,,
,,,,...°....(.(.........,,,,,,,,,
,,,,...$B......P...S....,,,,,,,,,
,,,,............°..........*,,,,,
,,,,...........BlS..#.....##,.,,*
*,*,,,,,,#.<....@YY........#..,,*
,**,...........FYYY...........,,,
***,............Y..........P,.,**
*,,.#..P#................,...,,*
*,,*#...P..............#.....,,*
**,*#................<(..#,,,,**
*,*##,...............####,,,,**
**,***#.P............## *,,,,,,,
*,,,****,,,,,,.......****,,,,,,,


You could see a boulder beetle, 7 yaks, a cane toad, a basilisk and 2 water
moccasins.

Vanquished Creatures
  2 hydras
  A catoblepas (Lair:5)
  A two-headed ogre (D:9)
  2 alligators (Lair:5)
  6 death yaks
  A goliath frog (Lair:5)
  An unseen horror (D:10)
  3 bog bodies (Lair:4)
  A wizard (D:9)
  A swamp dragon (Lair:5)
  An ugly thing (D:10)
  A manticore (D:10)
  A cyclops (D:10)
  9 elephants
  A black mamba (Lair:2)
  7 cane toads
  A gargoyle (D:8)
  10 komodo dragons
  A rime drake (Lair:3)
  A tengu conjurer (D:9)
  A tyrant leech (Lair:5)
  2 trolls
  6 blink frogs
  A vampire (D:9)
  A wyvern (Lair:5)
  47 yaks
  A basilisk (Lair:4)
  A steam dragon (D:10)
  4 vampire mosquitoes (Lair:5)
  4 swamp worms (Lair:5)
  16 water moccasins
  A swamp drake (Lair:5)
  2 sky beasts
  4 orc warriors
  4 black bears
  3 ice beasts
  6 ogres
  5 centaurs
  3 phantoms
  A gnoll sergeant (D:8)
  18 bullfrogs
  3 scorpions
  7 wights
  8 howler monkeys
  3 electric eels (Lair:4)
  A crimson imp (D:5)
  2 bullfrog zombies
  2 hounds
  4 jellies
  A centaur skeleton (D:8)
  6 orc priests
  A bullfrog skeleton (D:4)
  2 gnoll shamans
  Terence (D:3)
  7 hell rats
  Natasha (twice) (D:2)
  An iguana (D:2)
  12 orc wizards
  7 worker ants
  A hound zombie (D:9)
  A hound skeleton (D:10)
  Robin (D:2)
  14 gnolls
  12 adders
  A shadow imp (D:7)
  5 white imps
  3 ufetubi
  2 oozes
  An adder skeleton (D:5)
  3 worms
  3 dart slugs
  2 leopard geckos
  46 orcs
  6 bats
  5 giant cockroaches
  8 hobgoblins
  4 jackals (D:1)
  7 quokkas
  4 ball pythons
  7 frilled lizards
  14 goblins
  8 kobolds
  3 rats (D:1)
  A butterfly (Lair:4)
415 creatures vanquished.

Vanquished Creatures (collateral kills)
  9 foxfires
9 creatures vanquished.

Vanquished Creatures (others)
  1853 foxfires
  10 fulminant prisms
  81 fungi
  123 plants
2067 creatures vanquished.

Grand Total: 2491 creatures vanquished

Notes
Turn   | Place    | Note
-------+----------+-------------------------------------------
     0 | D:1      | sizableburger the Mummy Fire Elementalist began the quest
                  | for the Orb.
     0 | D:1      | Reached XP level 1. HP: 13/13 MP: 4/4
   264 | D:1      | Reached skill level 1 in Conjurations
   437 | D:1      | Reached XP level 2. HP: 19/19 MP: 4/6
  1247 | D:1      | Reached XP level 3. HP: 24/24 MP: 5/7
  1752 | D:2      | Reached XP level 4. HP: 30/30 MP: 4/9
  2004 | D:2      | Noticed Natasha
  2017 | D:2      | Killed Natasha
  2103 | D:2      | Noticed Robin
  2110 | D:2      | Killed Robin
  2231 | D:2      | Noticed Natasha
  2244 | D:2      | Killed Natasha
  2245 | D:2      | Reached XP level 5. HP: 25/35 MP: 5/11
  3002 | D:3      | Noticed Terence
  3011 | D:3      | Killed Terence
  3573 | D:3      | Reached XP level 6. HP: 41/41 MP: 7/13
  4070 | D:4      | Reached skill level 5 in Spellcasting
  4262 | D:4      | Found a staircase to the Ecumenical Temple.
  4280 | Temple   | Entered the Ecumenical Temple
  4318 | Temple   | Became a worshipper of Vehumet
  4934 | D:4      | Reached XP level 7. HP: 45/46 MP: 7/15
  5239 | D:5      | Entered Level 5 of the Dungeon
  5337 | D:5      | Found a shadowy altar of Dithmenos.
  5463 | D:6      | Reached skill level 5 in Fire Magic
  5533 | D:6      | Learned a level 4 spell: Sticky Flame
  5747 | D:6      | Reached * piety under Vehumet
  5747 | D:6      | Offered knowledge of Shock by Vehumet.
  5748 | D:6      | Reached XP level 8. HP: 52/52 MP: 10/17
  5921 | D:6      | Reached skill level 5 in Conjurations
  5998 | D:6      | You fall into a shaft and drop 1 floor!
  5998 | D:7      | Noticed a troll
  6087 | D:7      | Found a blossoming altar of Fedhas.
  7219 | D:5      | Found a stormy altar of Qazlal.
  7277 | D:5      | Reached XP level 9. HP: 31/57 MP: 12/18
  7591 | D:5      | Learned a level 2 spell: Swiftness
  7984 | D:5      | Found a burning altar of Makhleb.
  8292 | D:5      | Found a snail-covered altar of Cheibriados.
  8322 | D:5      | Reached ** piety under Vehumet
  8332 | D:5      | Reached skill level 1 in Air Magic
  8337 | D:5      | Offered knowledge of Magic Dart by Vehumet.
  8974 | D:7      | Found a broken altar of Ashenzari.
  8994 | D:7      | Killed a troll
  9784 | D:8      | Noticed a gargoyle
  9785 | D:8      | Noticed a komodo dragon
  9834 | D:8      | Killed a gargoyle
 10072 | D:8      | Offered knowledge of Dazzling Flash by Vehumet.
 10089 | D:8      | Learned a level 5 spell: Fireball
 10093 | D:8      | Learned a level 3 spell: Dazzling Flash
 10143 | D:8      | Reached XP level 10. HP: 61/63 MP: 20/20
 10159 | D:8      | Found a staircase to the Lair.
 10621 | D:8      | Reached *** piety under Vehumet
 11076 | D:9      | Found Nam Diashrosk's Magic Scroll Shoppe.
 11482 | D:9      | Offered knowledge of Frozen Ramparts by Vehumet.
 11589 | D:9      | Noticed a wizard
 11589 | D:9      | Identified the ring of the Unkillable {rPois Will+ Dex-3
                  | SInv Stlth+}
 11736 | D:9      | Noticed a two-headed ogre
 11908 | D:9      | Killed a two-headed ogre
 12134 | D:9      | Reached skill level 5 in Dodging
 12191 | D:9      | Killed a wizard
 12866 | D:10     | Entered Level 10 of the Dungeon
 12974 | D:10     | Reached XP level 11. HP: 35/68 MP: 14/24
 13368 | D:10     | Noticed a green ugly thing
 13889 | D:10     | Reached **** piety under Vehumet
 14004 | D:10     | Killed an unseen horror
 14046 | D:10     | Offered knowledge of Iskenderun's Mystic Blast by Vehumet.
 14124 | D:10     | Noticed Maggie
 14210 | D:10     | Killed a green ugly thing
 14515 | Lair:1   | Entered Level 1 of the Lair of Beasts
 14731 | Lair:1   | Reached skill level 1 in Fighting
 14843 | Lair:1   | Learned a level 3 spell: Conjure Flame
 16023 | Lair:1   | Reached skill level 1 in Armour
 16648 | Lair:1   | HP: 1/75 [hell rat (11)]
 16979 | Lair:2   | Noticed an eight-headed hydra
 17227 | Lair:2   | Reached XP level 12. HP: 70/83 MP: 16/25
 17241 | Lair:2   | Reached skill level 1 in Hexes
 17328 | Lair:2   | Learned a level 2 spell: Slow
 17492 | Lair:3   | Found a gate leading to a gauntlet.
 17708 | Lair:2   | Killed an eight-headed hydra
 17709 | Lair:2   | Reached skill level 1 in Evocations
 17916 | Lair:1   | Reached ***** piety under Vehumet
 17916 | Lair:1   | Offered knowledge of Fulminant Prism by Vehumet.
 18509 | Lair:3   | Noticed an eight-headed hydra
 18516 | Lair:3   | Killed an eight-headed hydra
 18596 | Lair:3   | Reached skill level 5 in Fighting
 18730 | Lair:3   | You fall into a shaft and drop 3 floors!
 18730 | Lair:6   | Entered Level 6 of the Lair of Beasts
 21332 | Lair:4   | Reached skill level 5 in Hexes
 21415 | Lair:4   | Found a staircase to the Swamp.
 21787 | Lair:3   | Learned a level 4 spell: Cause Fear
 22089 | Lair:4   | Gained mutation: You are in touch with the powers of death.
                  | [Mummy growth]
 22089 | Lair:4   | Reached XP level 13. HP: 83/96 MP: 14/26
 22508 | Lair:5   | Reached skill level 5 in Evocations
 23172 | Lair:4   | Learned a level 4 spell: Fulminant Prism
 26328 | Lair:6   | Slain by a cane toad

Illustrated notes

Levels and vault maps discovered:
D:1:      minmay_arrival_glassed_features, layout_basic, minmay_octomino_c4
D:2:      layout_basic, uniq_robin, uniq_natasha
D:3:      layout_basic, uniq_terence
D:4:      layout_loops_ring, minmay_temple_entry_statues_fountains
D:5:      layout_gridville, makhleb_grotto_becter, kennysheep_slug_shrine,
          nicolae_qazlal_style_of_elements, minmay_stone_trees_small,
          nicolae_dithmenos_through_a_glass_darkly
D:6:      layout_basic
D:7:      layout_cave_pools, ashenzari_altar_1, fedhas_bush_and_centaur_altar
D:8:      layout_basic, due_lair_maze_entry_diamond
D:9:      kennysheep_windowed_halls, layout_irregular_city, serial_shops, shop
D:10:     layout_irregular_city, uniq_maggie
Temple:   regret_index_temple_mists
Lair:1:   layout_cave_pods, grunt_megastairs_4
Lair:2:   layout_regular_city, spider_nest_entry_web_field
Lair:3:   layout_chaotic_city, gauntlet_entry_generic, serial_bayou_shore_b,
          infiniplex_staircase_pool_2
Lair:4:   layout_regular_city, nicolae_swamp_entry_splash_gauntlet,
          lookout_lair_type, lemuel_fruit_fields, serial_bayou_shore_a
Lair:5:   onia_ninara_swampy_vault, layout_regular_city
Lair:6:   minmay_lair_end_enchanted_forest, layout_gridlike,
          minmay_slime_entry_oklob_enclosed, nicolae_lair_yak_garden,
          lemuel_fruit_tree, minmay_lair_oklob_chamber

Skill      XL: |  1  2  3  4  5  6  7  8  9 10 11 12 13 |
---------------+----------------------------------------+-----
Conjurations   | 1 2 3 4 6 7 8 9 |  9.0
Spellcasting   | 3 4 5 6 7 9 |  9.0
Fire Magic     | 3 4 5 6 7 8 9 |  9.3
Dodging        | 3 5 7 |  7.4
Air Magic      | 3 |  3.2
Fighting       | 3 7 8 |  8.4
Armour         | 2 3 4 |  4.9
Hexes          | 5 6 |  6.8
Evocations     | 4 6 |  6.1
Stealth        | |  1.5

Action                   |  1- 3 |  4- 6 |  7- 9 | 10-12 | 13-15 || total
-------------------------+-------+-------+-------+-------+-------++-------
Melee: Unarmed           |    14 |    23 |    14 |    17 |    11 ||    79
 Cast: Foxfire           |    65 |   154 |   250 |   471 |   118 ||  1058
       Sticky Flame      |       |       |    24 |   119 |    61 ||   204
       Swiftness         |       |       |     2 |    10 |       ||    12
       Fireball          |       |       |       |    37 |     1 ||    38
       Dazzling Flash    |       |       |       |    18 |     1 ||    19
       Conjure Flame     |       |       |       |     8 |       ||     8
       Slow              |       |       |       |     7 |     9 ||    16
       Cause Fear        |       |       |       |       |    19 ||    19
       Fulminant Prism   |       |       |       |       |    10 ||    10
Evoke: Wand              |       |       |     5 |       |       ||     5
  Use: Scroll            |     1 |     4 |     5 |    10 |     1 ||    21
Armor: Robe              |    17 |    10 |    24 |    26 |       ||    77
       Steam dragon scal |       |       |       |    63 |    66 ||   129
Dodge: Dodged            |    68 |    62 |    81 |   256 |   151 ||   618

Table legend: (Time is in decaauts)
 A = Elapsed time spent in this place.
 B = Non-inter-level travel time spent in this place.
 C = Inter-level travel time spent in this place.
 D = Time resting spent in this place.
 E = Time spent auto-exploring this place.
 F = Levels seen in this place.
 G = Mean time per level.
                   A        B        C        D        E       F      G
               +--------+--------+--------+--------+--------+-----+--------+
         Total |  26444 |  25280 |   1164 |   7682 |  10198 |  17 | 1555.5 |
       Dungeon |  14477 |  13773 |    704 |   3691 |   6811 |  10 | 1447.7 |
        Temple |     74 |     74 |      0 |      0 |     33 |   1 |   74.0 |
          Lair |  11892 |  11433 |    459 |   3991 |   3354 |   6 | 1982.0 |
               +--------+--------+--------+--------+--------+-----+--------+

Top non-repeatable levels by time:
  Lair:5: 3131 daAuts
  Lair:4: 3131 daAuts
  Lair:1: 2550 daAuts
     D:5: 1869 daAuts
     D:9: 1814 daAuts
     D:8: 1692 daAuts
    D:10: 1588 daAuts
     D:1: 1503 daAuts
     D:6: 1494 daAuts
  Lair:3: 1401 daAuts
  Lair:2: 1386 daAuts
     D:3: 1337 daAuts
     D:2: 1222 daAuts
     D:4: 1157 daAuts
     D:7: 795 daAuts
